 Dungeon Crawl Stone Soup version 0.29-a0-998-g1987434951 (webtiles) character file.

Game seed: 16543224139973678428

61 nicolae the Changer (level 4, -2/32 HPs)
             Began as a Merfolk Transmuter on Aug 5, 2022.
             Slain by a phantom (4 damage)
             ... on level 2 of the Dungeon on Aug 6, 2022.
             The game lasted 00:04:38 (2536 turns).

nicolae the Changer (Merfolk Transmuter)            Turns: 2536, Time: 00:04:38

Health: -2/32      AC:  2    Str: 10    XL:     4   Next: 7%
Magic:  7/7        EV: 12    Int: 14    God:
Gold:   130        SH:  0    Dex: 14    Spells: 1/7 levels left

rFire   . . .      SeeInvis .     - Unarmed
rCold   . . .      Faith    .   (no shield)
rNeg    + . .      Spirit   .   a - +0 robe
rPois   .          Reflect  .   (helmet currently unavailable)
rElec   .          Harm     .   (no cloak)
rCorr   .          Rampage  .   (no gloves)
Will    .....                   (boots currently unavailable)
Stlth   +.........              (no amulet)
HPRegen 0.10/turn               c - ring of positive energy
MPRegen 0.10/turn               (no ring)

@: mighty, appendages (expiring)
A: horns 2, (nimble swimmer 2), mertail
a: End Transformation


You were on level 2 of the Dungeon.
You had temporarily grown beastly horns.
You visited 1 branch of the dungeon, and saw 2 of its levels.

You collected 130 gold pieces.

Inventory:

Missiles
 i - 4 poisoned darts
 k - 5 curare-tipped darts
Armour
 a - a +0 robe (worn)
 h - a +0 pair of boots (melded)
Jewellery
 c - a ring of positive energy (left hand)
Scrolls
 b - a scroll of vulnerability {unknown}
 d - a scroll of blinking {unknown}
 e - a scroll of poison {unknown}
 f - 2 scrolls of identify {unknown}
 g - a scroll of fog {unknown}
 l - a scroll of fear {unknown}
 m - a scroll of noise {unknown}


   Skills:
 - Level 1.1 Fighting
 - Level 2.6 Dodging
 - Level 3.2 Unarmed Combat
 - Level 2.0 Spellcasting
 - Level 5.0 Transmutations
 + Level 1.9 Poison Magic


You had one spell level left.
You knew the following spells:

 Your Spells              Type           Power      Damage    Failure   Level
a - Beastly Appendage     Tmut           30%        N/A       3%          1
b - Wereblood             Tmut           15%        N/A       4%          2
c - Spider Form           Tmut/Pois      11%        N/A       17%         3

Your spell library contained the following spells:

 Spells                   Type           Power      Damage    Failure   Level
 Ice Form                 Ice/Tmut       8%         N/A       63%         4


Dungeon Overview and Level Annotations

Branches:
Dungeon (2/15)

Altars:


Innate Abilities, Weirdness & Mutations

You have temporarily grown beastly horns.
((You are very nimble when in or above water. (Stealth+, EV+, Speed+++)))
Your lower body shifts to a powerful aquatic tail in water.


Message History

The phantom barely misses you.
You closely miss the phantom. Your headbutt misses the phantom.
The phantom is heavily damaged.
The phantom closely misses you.
You barely miss the phantom.
The phantom is heavily damaged.
The phantom barely misses you.
You completely miss the phantom. Your headbutt misses the phantom.
You punch the phantom, but do no damage.
The phantom is heavily damaged.
The phantom hits you.
The phantom blinks!
You blink.
You hit the phantom. Your headbutt misses the phantom.
The phantom is heavily damaged.
The phantom hits you.
The phantom blinks!
You blink.
Your legs become a tail as you enter the water.
The phantom hits you.
The phantom blinks!
You blink.
You hit the phantom but do no damage.
The phantom is heavily damaged.
The phantom barely misses you.
You barely miss the phantom.
The phantom is heavily damaged.
Your transformation is almost over.
You closely miss the phantom. You headbutt the phantom.
The phantom is heavily damaged.
The phantom hits you.
You hit the phantom. Your headbutt misses the phantom.
The phantom is severely damaged.
The phantom hits you.
You hit the phantom but do no damage.
The phantom is severely damaged.
The phantom hits you!
* * * LOW HITPOINT WARNING * * *
You closely miss the phantom.
The phantom is severely damaged.
The phantom hits you.
* * * LOW HITPOINT WARNING * * *
It was a potion of might.
You feel very mighty all of a sudden. The phantom hits you.
You die...

##...............##.# #.#
##.#.....##~~....##.#### #.#
##.##..###≈≈##~........# ##.##
.......~≈≈≈#≈≈#...#.##.#####...##
##.##.##≈≈≈≈≈≈##..#.......#.....#
#.##.#≈≈#≈≈≈#≈~.##.##<##.##...##
##....#≈≈≈≈≈≈≈≈#.##....##.###.###
...#..#~≈#≈≈#≈##W##.##.##.###.###
#####..#≈≈≈≈≈≈#.@##.##...........
#..###≈≈#~#..##.##.##.###.###
#...)#~##..........##.# #.#
#.....§)..............# #.#
########..............###.#
#.####.##>####.##..# ##
#.####.##.## #.#...### .#
#..........###........ .##
#..##..#...........###


You could see a phantom.

Vanquished Creatures
  A dart slug (D:2)
  2 orcs (D:2)
  9 ball pythons
  6 bats
  8 endoplasms
  4 giant cockroaches
  2 goblins (D:1)
  2 hobgoblins (D:1)
  7 kobolds
  4 quokkas
  3 frilled lizards (D:1)
  3 rats (D:1)
51 creatures vanquished.

Notes
Turn   | Place    | Note
-------+----------+-------------------------------------------
     0 | D:1      | nicolae the Merfolk Transmuter began the quest for the Orb.
     0 | D:1      | Reached XP level 1. HP: 15/15 MP: 3/3
    79 | D:1      | Reached skill level 3 in Transmutations
    85 | D:1      | Reached XP level 2. HP: 13/21 MP: 5/5
   366 | D:1      | Reached skill level 4 in Transmutations
   664 | D:1      | Reached XP level 3. HP: 26/26 MP: 4/6
   680 | D:1      | Learned a level 2 spell: Wereblood
   684 | D:1      | Learned a level 3 spell: Spider Form
  1124 | D:1      | Found a faded altar of an unknown god.
  1412 | D:1      | Reached skill level 5 in Transmutations
  1670 | D:2      | Reached skill level 1 in Poison Magic
  2155 | D:2      | Reached XP level 4. HP: 32/32 MP: 5/7
  2498 | D:2      | Noticed a phantom
  2536 | D:2      | Slain by a phantom

Illustrated notes

Levels and vault maps discovered:
D:1:      ncdulo_wetmaze, layout_rooms, hellmonk_ecumenical_altar_inner_sanctum
D:2:      layout_loops_corners, glass_columns_a, minivault_4, st_stairs_6

Skill      XL: |  1  2  3 |
---------------+----------+-----
Transmutations | 3 4 5 |  5.0
Poison Magic   | 1 |  1.9
Fighting       | |  1.1
Dodging        | |  2.6
Unarmed Combat | |  3.2
Spellcasting   | |  2.0

Action                   |  1- 3 |  4- 6 || total
-------------------------+-------+-------++-------
Melee: Unarmed           |   136 |    27 ||   163
       Headbutt          |    19 |     3 ||    22
       Punch             |     3 |     1 ||     4
 Cast: Beastly Appendage |    28 |     4 ||    32
       Wereblood         |     1 |       ||     1
  Use: Potion            |     1 |     1 ||     2
 Stab: Sleeping          |     2 |       ||     2
Armor: Skin              |    27 |       ||    27
       Robe              |    29 |       ||    29
Dodge: Dodged            |    98 |    11 ||   109

Table legend: (Time is in decaauts)
 A = Elapsed time spent in this place.
 B = Non-inter-level travel time spent in this place.
 C = Inter-level travel time spent in this place.
 D = Time resting spent in this place.
 E = Time spent auto-exploring this place.
 F = Levels seen in this place.
 G = Mean time per level.
                   A        B        C        D        E       F      G
               +--------+--------+--------+--------+--------+-----+--------+
         Total |   2517 |   2511 |      6 |    274 |   1854 |   2 | 1258.5 |
       Dungeon |   2517 |   2511 |      6 |    274 |   1854 |   2 | 1258.5 |
               +--------+--------+--------+--------+--------+-----+--------+

Top non-repeatable levels by time:
     D:1: 1434 daAuts
     D:2: 1082 daAuts
